 Dungeon Crawl Stone Soup version 0.31-a0-1172-g9944ec47dd (webtiles) character file.

Game seed: 14031615331648663628

17 rj54x the Slasher (level 2, -2/26 HPs)
             Began as a Minotaur Berserker on Dec 10, 2023.
             Was a Follower of Trog.
             Succumbed to a goblin's poison
             ... on level 1 of the Dungeon.
             The game lasted 00:01:57 (231 turns).

rj54x the Slasher (Minotaur Berserker)               Turns: 231, Time: 00:01:57

Health: -2/26      AC:  2    Str: 21    XL:     2   Next: 44%
Magic:  1/1        EV: 12    Int:  4    God:    Trog [*.....]
Gold:   5          SH:  0    Dex:  9    Spells: 1/1 levels left

rFire   . . .        a - +0 falchion
rCold   . . .        (no shield)
rNeg    . . .        b - +0 animal skin
rPois   .            (helmet restricted)
rElec   .            (no cloak)
rCorr   .            (no gloves)
SInv    .            (no boots)
Will    .....        (no amulet)
Stlth   +            (no ring)
HPRegen 0.24/turn    (no ring)
MPRegen 0.07/turn

%: no passive effects
@: lethally poisoned (-2 -> -28)
A: horns 2, retaliatory headbutt
a: Renounce Religion, Berserk


You were on level 1 of the Dungeon.
You worshipped Trog.
Trog was aware of your devotion.
You visited 1 branch of the dungeon, and saw 1 of its levels.

You collected 5 gold pieces.

Inventory:

Hand Weapons
 a - a +0 falchion (weapon)
Missiles
 d - 12 stones
Armour
 b - a +0 animal skin (worn)
Talismans
 f - a maw talisman
Scrolls
 c - a scroll of blinking {unknown}
Potions
 e - a potion of lignification {unknown}


   Skills:
 - Level 3.6 Fighting
 + Level 4.7 Long Blades
 - Level 2.4 Armour
 - Level 2.1 Dodging


You had one spell level left.
You didn't know any spells.
Your spell library was empty.

Dungeon Overview and Level Annotations

Branches:
Dungeon (1/15)

Altars:


Innate Abilities, Weirdness & Mutations

You have a pair of horns on your head.
You reflexively headbutt those who attack you in melee.


Message History

The jackal bites you.
The jackal bites you but does no damage.
You hit the jackal. Your headbutt misses the jackal.
The jackal is almost dead.
The jackal misses you. The jackal bites you. x2
You miss the jackal.
The jackal is almost dead.
The jackal misses you. The jackal bites you. x2
You hit the jackal.
You kill the jackal!
Trog accepts your kill. The jackal misses you. You furiously retaliate!
You headbutt the jackal.
A goblin comes into view. It is wielding a +4 dagger of venom.
You hit the jackal but do no damage. Your headbutt misses the jackal.
The jackal is almost dead.
The jackal misses you. The jackal closely misses you.
You slash the jackal!
You kill the jackal!
Trog accepts your kill.
You see here a jackal corpse.
You completely miss the goblin. The goblin barely misses you.
You barely miss the goblin.
The goblin hits you with a +4 dagger of venom.
You are poisoned.
You closely miss the goblin.
You feel very sick.
The goblin hits you with a +4 dagger of venom.
You are lethally poisoned!
You are too injured to fight recklessly!
You are too injured to fight recklessly!
You are too injured to fight recklessly!
You hit the goblin.
The goblin is moderately wounded.
You feel very sick.
The goblin hits you with a +4 dagger of venom.
* * * LOW HITPOINT WARNING * * *
You are more poisoned.
You closely miss the goblin.
The goblin is moderately wounded.
You die...

.# #.#.#######...... .#
#.#.............. ##
#.#.............. #
..#............. #
###...........# ##
#..$........#
.########......†....#
...............†)...##
................@....#
#................g...#
#.....................+
#....................##
#.........###..........
.......... #.#######...
.##....##. #. ...
......... #. ..
##########


You could see a goblin.

Vanquished Creatures
  A dart slug (D:1)
  A giant cockroach (D:1)
  A hobgoblin (D:1)
  3 jackals (D:1)
  A kobold (D:1)
  A quokka (D:1)
  2 ball pythons (D:1)
  2 bats (D:1)
  A rat (D:1)
13 creatures vanquished.

Notes
Turn   | Place    | Note
-------+----------+-------------------------------------------
     0 | D:1      | rj54x the Minotaur Berserker began the quest for the Orb.
     0 | D:1      | Reached XP level 1. HP: 19/19 MP: 0/0
    35 | D:1      | Reached skill level 4 in Long Blades
   165 | D:1      | Reached XP level 2. HP: 26/26 MP: 1/1
   231 | D:1      | Succumbed to a goblin's poison

Illustrated notes

Levels and vault maps discovered:
D:1:      eino_arrival_water_star, layout_basic

Skill      XL: |  1 |
---------------+----+-----
Long Blades    | 4 |  4.7
Fighting       | |  3.6
Armour         | |  2.4
Dodging        | |  2.1

Action                     || total
---------------------------++-------
  Melee: Falchion          ||    33
         Headbutt          ||     6
 Armour: Animal skin       ||    19
  Dodge: Dodged            ||    33

Table legend: (Time is in decaauts)
 A = Elapsed time spent in this place.
 B = Non-inter-level travel time spent in this place.
 C = Inter-level travel time spent in this place.
 D = Time resting spent in this place.
 E = Time spent auto-exploring this place.
 F = Levels seen in this place.
 G = Mean time per level.
                   A        B        C        D        E       F      G
               +--------+--------+--------+--------+--------+-----+--------+
         Total |    235 |    235 |      0 |     27 |    111 |   1 |  235.0 |
       Dungeon |    235 |    235 |      0 |     27 |    111 |   1 |  235.0 |
               +--------+--------+--------+--------+--------+-----+--------+

Top non-repeatable levels by time:
     D:1: 235 daAuts
